Map: Vigía EE

Players

RTC

  • Race: Terran Terran
  • Spawn Location: 9:00

MARCO

  • Race: Terran Terran
  • Spawn Location: 9:00

Masser

  • Race: Protoss Protoss
  • League: Silver
  • Spawn Location: 12:00

MrFercho - Winner!

  • Race: Zerg Zerg
  • Spawn Location: 6:00

TATORREA - Winner!

  • Race: Protoss Protoss
  • League: Silver
  • Spawn Location: 5:00

tigro - Winner!

  • Race: Terran Terran
  • League: Bronze
  • Spawn Location: 5:00

VOD

Have the link to the VOD?

Description

Time

  • Played on: June 10, 2020, 10:17 p.m.
  • Length: 25:57
Show
View Real Time Build Order
Export as new Build Order

RTC Terran 

Build Orders: 2 Factory 

Get SALT Encoding   

  12  0:08  SCV  
  13  0:20  SCV  
  14  0:37  Supply Depot  
  14  0:42  Supply Depot  
  14  0:47  Supply Depot  
  14  1:08  SCV  
  15  1:19  Refinery  
  15  1:21  SCV  
  16  1:33  SCV  
  16  1:34  Refinery  
  17  1:45  SCV  
  18  1:48  Barracks  
  18  1:57  SCV  
  19  2:27  Command Center  
  19  2:41  Factory  
  19  2:46  Bunker  
  19  2:47  Marine  
  20  2:55  SCV  
  21  3:05  Marine  
  21  3:08  Bunker  
  22  3:23  Marine  
  23  3:29  Factory  
  23  3:37  Armory  
  23  3:39  SCV  
  23  3:41  Marine  
  25  3:51  SCV  
  26  3:59  Marine  
  27  4:10  Orbital Command  
  27  4:11  Starport  
  27  4:18  Refinery  
  27  4:27  Widow Mine x2  
  31  4:42  SCV  
  31  4:44  Refinery  
  32  4:46  Engineering Bay  
  32  4:54  SCV  
  33  5:08  Marine  
  33  5:11  Factory Tech Lab  
  33  5:12  Factory Reactor  
  34  5:20  Factory  
  34  5:24  Starport Tech Lab  
  34  5:26  Marine  
  35  5:31  Fusion Core  
  35  5:40  Missile Turret  
  35  5:43  Missile Turret  
  35  5:44  Marine  
  36  5:57  Planetary Fortress  
  36  6:04  Missile Turret  
  36  6:10  Missile Turret  
  36  6:28  Missile Turret  
  36  6:34  SCV  
  33  6:46  SCV  
  34  6:52  Widow Mine x4  
  42  6:58  SCV  
  43  7:03  Missile Turret  
  43  7:10  SCV  
  43  7:13  Widow Mine  
  43  7:14  Missile Turret  
  46  8:02  Factory  
  46  8:47  Missile Turret  
  46  9:05  Factory Reactor  
  46  9:24  Missile Turret  
  46  9:37  Command Center  
  46  9:44  Missile Turret  
  46  10:08  Missile Turret  
  46  10:12  SCV  
  46  10:17  Widow Mine  
  46  10:19  Supply Depot, Widow Mine  
  46  10:20  Supply Depot  
  46  10:21  Supply Depot  
  46  10:22  Supply Depot  
  46  10:40  SCV  
  46  10:41  Widow Mine x3  
  46  10:42  Supply Depot, Widow Mine  
  55  10:46  Supply Depot  
  55  10:51  Bunker  
  55  10:53  SCV  
  56  10:57  Supply Depot  
  56  10:59  Supply Depot  
  56  11:02  Widow Mine x3  
  56  11:03  Widow Mine  
  64  11:14  Supply Depot x2  
  64  11:20  Terran Ship Weapons Level 1  
  64  11:21  Supply Depot  
  64  11:22  Missile Turret  
  64  11:24  Hellion, Widow Mine x2  
  64  11:25  Widow Mine  
  72  11:43  Missile Turret  
  72  11:45  Widow Mine x3  
  72  11:46  Widow Mine  
  80  11:50  Supply Depot  
  80  12:02  Factory  
  80  12:03  Refinery  
  80  12:06  Widow Mine x3  
  80  12:07  Widow Mine  
  88  12:13  Supply Depot  
  88  12:28  Widow Mine x3  
  88  12:29  Widow Mine  
  96  12:36  Supply Depot  
  96  12:48  Command Center  
  96  12:49  Widow Mine  
  96  12:50  Widow Mine  
  100  12:52  Widow Mine  
  100  12:53  Widow Mine  
  104  13:00  Supply Depot  
  104  13:10  Widow Mine  
  104  13:11  Planetary Fortress  
  104  13:12  Widow Mine  
  108  13:14  Terran Vehicle And Ship Armor Level 1, Widow Mine x2  
  108  13:18  Marine  
  113  13:23  Missile Turret  
  113  13:31  Battlecruiser  
  113  13:32  Widow Mine  
  113  13:33  Widow Mine  
  123  13:35  Widow Mine x2  
  123  13:36  Marine  
  123  13:41  Widow Mine x2  
  132  13:43  Missile Turret  
  132  13:54  Marine  
  133  14:02  Widow Mine x2  
  134  14:12  Marine  
  135  14:23  Widow Mine  
  135  14:24  Widow Mine  
  139  14:29  Marine  
  140  14:45  Widow Mine x2  
  144  14:52  Orbital Command  
  138  15:42  Missile Turret  
  138  16:04  Missile Turret  
  138  16:11  Widow Mine x4  
  138  16:28  Missile Turret  
  138  16:32  Widow Mine x3  
  142  16:33  Widow Mine  
  128  16:49  Missile Turret  
  128  16:53  Widow Mine x2  
  128  16:54  Widow Mine x2  
  123  17:11  Missile Turret  
  123  17:15  Widow Mine x4  
  131  17:31  Missile Turret  
  131  17:36  Widow Mine x3  
  139  17:37  Widow Mine  
  135  17:57  Widow Mine  
  135  17:58  Missile Turret, Widow Mine x3  
  121  18:19  Widow Mine x3  
  129  18:20  Widow Mine  
  129  18:22  Sensor Tower  
  129  18:41  Widow Mine x2  
  133  18:44  Sensor Tower  
  133  18:53  Battlecruiser  
  139  19:07  Missile Turret  
  112  19:57  Battlecruiser  
  82  20:20  Widow Mine x3  
  82  20:21  Widow Mine  
  76  20:41  Widow Mine  
  76  20:42  Widow Mine x3  
  84  20:43  Missile Turret  
  84  21:01  Battlecruiser  
  84  21:03  Widow Mine x4  
  98  21:23  Bunker  
  98  21:24  Widow Mine x2  
  98  21:25  Widow Mine x2  
  106  21:30  Hi-Sec Auto Tracking  
  106  21:46  Widow Mine x4  
  108  22:05  Battlecruiser  
  108  22:07  Thor, Widow Mine  
  91  22:23  Widow Mine x2  
  91  22:29  Widow Mine  
  72  22:44  Widow Mine  
  72  22:45  Widow Mine  
  72  22:50  Widow Mine  
  49  23:10  Widow Mine  
  49  23:11  Widow Mine  
  34  23:32  Widow Mine x2  
  36  23:43  Armory  
  36  23:46  Barracks  
  33  23:53  Widow Mine  
  33  23:55  Widow Mine  
  7  24:52  Command Center  
Show
View Real Time Build Order
Export as new Build Order

MARCO Terran 

Build Orders:  

Get SALT Encoding   

  12  0:16  Supply Depot  
  12  1:14  Barracks  
  12  1:22  SCV  
  13  1:26  Refinery  
  13  1:29  Refinery  
  13  1:34  SCV  
  14  1:47  SCV  
  15  1:59  SCV  
  16  2:02  Engineering Bay  
  16  2:09  Supply Depot  
  16  2:11  SCV  
  17  2:24  Factory, Orbital Command  
  17  3:04  Supply Depot  
  17  3:11  Factory Tech Lab  
  17  3:27  Starport  
  17  3:29  Siege Tank  
  20  3:39  SCV  
  21  3:51  SCV  
  22  4:05  Starport  
  22  4:11  Starport Reactor  
  22  4:13  SCV  
  23  4:25  SCV  
  24  4:43  Starport Reactor  
  24  4:50  Viking  
  24  4:51  Viking  
  24  4:52  Missile Turret  
  28  4:56  SCV  
  29  5:08  SCV  
  30  5:20  Viking x3  
  30  5:21  Viking  
  38  5:37  Missile Turret  
  38  5:41  SCV  
  39  6:00  Missile Turret  
  39  6:01  Supply Depot  
  39  6:22  Siege Tank, SCV  
  39  6:24  Viking x2  
  46  7:19  Supply Depot  
  46  7:22  Command Center  
  46  7:24  Supply Depot  
  46  7:41  Viking x2  
  46  7:43  Supply Depot  
  50  7:46  Supply Depot  
  50  7:48  Hi-Sec Auto Tracking  
  50  8:07  Starport  
  50  8:45  Starport  
  50  8:52  Supply Depot, Starport Reactor  
  50  8:56  Viking x2  
  50  8:57  Viking  
  56  9:09  Orbital Command  
  56  9:16  Supply Depot  
  56  9:38  Supply Depot  
  56  9:43  Armory  
  56  9:52  Armory x2  
  56  10:04  Starport Reactor  
  56  10:45  SCV  
  57  10:57  SCV  
  57  10:59  Command Center  
  58  11:05  Supply Depot  
  58  11:08  Viking x2  
  58  11:09  Viking x5, SCV  
  73  11:21  SCV  
  74  11:27  Supply Depot  
  74  11:33  SCV  
  74  11:35  Terran Ship Weapons Level 1, Terran Vehicle Weapons Level 1  
  75  11:40  Terran Vehicle And Ship Armor Level 1  
  75  11:50  Supply Depot  
  75  12:21  Refinery  
  75  12:24  Refinery  
  75  12:26  SCV  
  75  12:27  Refinery  
  76  12:38  SCV  
  77  12:51  SCV  
  78  13:03  Refinery, SCV  
  79  13:15  SCV  
  80  13:39  Viking  
  80  13:40  Viking x5  
  80  13:41  Viking x2  
  94  13:46  Terran Vehicle Weapons Level 2, Terran Ship Weapons Level 2  
  94  13:47  Terran Vehicle And Ship Armor Level 2  
  96  13:56  Supply Depot  
  94  14:19  Supply Depot  
  87  14:41  Supply Depot  
  38  15:02  Viking x3  
  38  15:03  Viking x4  
  38  15:04  Viking  
  38  15:05  Supply Depot  
  53  15:47  Viking x3  
  53  15:48  Viking  
  61  15:51  SCV  
  62  16:03  SCV  
  61  16:16  SCV  
  36  16:49  Viking x5  
  36  16:50  Viking x2  
  27  18:24  Command Center  
  27  18:26  SCV  
  28  18:51  SCV  
  29  19:04  SCV  
  23  19:47  Viking x2  
  26  20:02  SCV  
  27  20:15  SCV  
  28  20:27  SCV  
  29  20:39  SCV  
  30  20:51  SCV  
  31  21:03  SCV  
  32  21:32  SCV  
  33  21:36  Barracks  
  33  21:44  SCV  
  34  21:54  Viking  
  34  21:55  Viking  
  34  21:56  SCV  
  39  22:01  Viking x3  
  39  22:02  Viking x3  
  39  22:08  SCV  
  50  22:24  Viking  
  50  22:25  Viking  
  54  22:31  Viking  
  33  23:06  Viking x3  
  33  23:07  Viking x4  
Show
View Real Time Build Order
Export as new Build Order

Masser Protoss 

Build Orders: Carriers 

Get SALT Encoding   

  12  0:41  Probe  
  12  0:42  Pylon  
  13  0:49  Assimilator  
  13  0:52  Probe  
  14  0:58  Pylon  
  14  1:00  Probe  
  14  1:02  Pylon  
  14  1:08  Assimilator  
  14  1:09  Probe  
  16  1:19  Probe  
  17  1:26  Gateway  
  17  1:41  Forge  
  17  1:44  Probe  
  18  1:56  Probe  
  18  1:58  Pylon  
  19  2:08  Probe  
  20  2:16  Probe  
  20  2:21  Cybernetics Core  
  21  2:24  Probe  
  22  2:32  Probe  
  23  3:01  Stargate  
  23  3:05  Stargate  
  23  3:14  Protoss Shields Level 1  
  23  3:19  Probe  
  24  3:32  Pylon  
  24  3:41  Stargate  
  24  4:07  Nexus  
  24  4:09  Assimilator  
  24  4:13  Photon Cannon  
  24  4:20  Fleet Beacon  
  24  4:40  Pylon  
  24  4:47  Photon Cannon  
  24  4:52  Void Ray  
  28  5:17  Protoss Air Weapons Level 1  
  28  5:45  Carrier  
  28  5:46  Probe  
  34  5:54  Probe  
  36  6:16  Tempest  
  40  6:39  Probe  
  41  6:43  Void Ray  
  45  6:51  Probe  
  46  7:00  Carrier  
  52  7:02  Probe  
  53  7:10  Probe  
  54  7:17  Assimilator  
  54  7:18  Probe  
  55  7:29  Probe  
  56  7:37  Probe  
  57  7:44  Carrier  
  57  7:45  Protoss Air Armor Level 1, Probe  
  64  8:03  Carrier  
  70  8:43  Carrier  
  76  8:58  Pylon  
  76  9:04  Pylon  
  76  9:13  Pylon  
  76  9:21  Nexus  
  76  9:25  Pylon  
  76  9:28  Pylon  
  76  9:32  Pylon  
  76  9:40  Assimilator  
  76  9:42  Assimilator  
  76  10:06  Photon Cannon  
  76  10:11  Photon Cannon  
  72  10:39  Carrier x2  
  84  10:49  Mothership  
  92  11:22  Probe  
  92  11:30  Probe  
  94  11:44  Protoss Air Weapons Level 2  
  94  11:46  Twilight Council  
  94  12:01  Carrier  
  100  12:10  Tempest  
  106  12:22  Probe  
  106  12:35  Probe  
  107  12:54  Carrier  
  113  13:31  Photon Cannon  
  113  13:33  Carrier  
  113  13:34  Photon Cannon  
  119  13:52  Unknown  
  119  13:55  Protoss Shields Level 2  
  119  14:17  Protoss Air Armor Level 2  
  111  14:40  Carrier  
  111  14:41  Carrier  
  119  15:34  Pylon  
  119  15:36  Pylon  
  119  15:41  Pylon  
  119  15:45  Carrier x2  
  119  15:46  Pylon  
  35  16:48  Void Ray  
  35  16:49  Carrier  
  45  17:32  Carrier  
  51  17:43  Stargate  
  51  17:53  Void Ray  
  55  18:27  Tempest  
  60  18:36  Void Ray x2  
  68  19:10  Void Ray  
  72  19:18  Void Ray  
  64  19:27  Void Ray  
  60  19:53  Void Ray  
  64  20:10  Void Ray  
  68  20:14  Void Ray  
  72  20:36  Void Ray  
  76  20:53  Carrier  
Show
View Real Time Build Order
Export as new Build Order

MrFercho Zerg - Winner!

Build Orders: Hatch First 

Get SALT Encoding   

  12  0:01  Drone  
  13  0:14  Overlord  
  13  0:26  Drone  
  14  0:33  Drone x2  
  16  0:51  Drone x2  
  18  1:05  Drone  
  18  1:08  Hatchery  
  18  1:12  Overlord  
  18  1:24  Spawning Pool  
  18  1:25  Drone  
  18  1:32  Extractor  
  17  1:33  Drone  
  18  1:42  Drone  
  19  1:59  Drone  
  20  2:05  Drone  
  21  2:11  Queen  
  23  2:20  Queen  
  23  2:22  Drone x2  
  27  2:31  Drone x2  
  29  2:38  Drone  
  29  2:41  Drone  
  31  2:47  Drone  
  32  2:52  Drone  
  32  2:56  Drone  
  34  3:03  Extractor, Drone  
  34  3:07  Drone  
  35  3:16  Baneling Nest, Drone  
  35  3:19  Overlord  
  35  3:23  Overlord  
  35  3:30  Drone  
  36  3:44  Lair, Baneling Nest  
  36  3:45  Drone x6  
  41  4:10  Zergling x16  
  49  4:18  Metabolic Boost  
  49  4:31  Evolution Chamber  
  48  4:39  Drone x2  
  48  4:40  Drone x2  
  48  4:44  Overlord x2  
  52  4:51  Extractor  
  51  5:10  Zergling x8  
  55  5:15  Zerg Ground Armor Level 1  
  55  5:26  Evolution Chamber  
  54  5:54  Baneling x8  
  54  5:55  Baneling x16  
  54  6:06  Drone x9  
  63  6:28  Hatchery  
  62  6:33  Extractor  
  62  6:37  Extractor  
  50  6:41  Hydralisk Den  
  50  6:44  Zerg Missile Weapons Level 1  
  47  7:07  Overlord x2  
  47  7:08  Overlord x3  
  47  7:13  Grooved Spines  
  47  7:17  Extractor  
  47  7:20  Queen  
  48  7:31  Hydralisk x5  
  58  7:42  Drone x4  
  62  7:53  Drone x6  
  68  8:17  Spine Crawler  
  67  8:20  Spore Crawler  
  67  8:24  Muscular Augments  
  66  8:30  Spine Crawler  
  65  8:40  Spore Crawler  
  64  8:45  Hydralisk x13  
  64  8:46  Hydralisk x2  
  94  9:01  Infestation Pit  
  93  9:03  Queen  
  93  9:07  Overlord x3  
  93  9:08  Overlord  
  95  9:12  Hydralisk x5  
  106  9:45  Drone x2  
  106  9:46  Drone x4  
  106  9:47  Drone x2  
  85  10:55  Hatchery  
  84  11:03  Spire  
  83  11:04  Zerg Missile Weapons Level 2, Zerg Ground Armor Level 2  
  83  11:06  Hydralisk x12  
  107  11:37  Hydralisk x10  
  127  12:02  Drone x3  
  130  12:11  Hive  
  130  12:25  Nydus Network  
  129  12:52  Hatchery  
  129  12:53  Hatchery  
  129  12:55  Hatchery x2  
  125  13:00  Hatchery  
  125  13:01  Overseer  
  124  13:07  Overseer  
  124  13:24  Drone x12  
  136  13:43  Overlord x5  
  136  13:44  Overlord  
  136  14:07  Nydus Canal  
  136  14:20  Hydralisk  
  136  14:21  Hydralisk x14  
  100  15:53  Corruptor x12  
  124  16:09  Extractor  
  123  16:15  Extractor  
  122  16:37  Greater Spire  
  122  16:46  Spire  
  121  16:49  Zerg Missile Weapons Level 3, Zerg Ground Armor Level 3  
  121  16:58  Pneumatized Carapace  
  121  17:51  Brood Lord x3  
  121  17:52  Brood Lord x9  
  145  18:01  Mutalisk x14  
  171  18:12  Zergling x4  
  173  18:13  Zergling x52  
  173  18:14  Zergling x6  
  174  18:29  Zergling x2  
  174  18:31  Zergling x10  
  174  18:32  Zergling x10  
  90  19:26  Zerg Melee Weapons Level 1  
  78  19:57  Baneling x4  
  78  19:58  Baneling x17  
  78  20:01  Hydralisk x18  
  78  20:02  Hydralisk x5  
  113  20:37  Hatchery  
  113  20:38  Extractor  
  113  20:39  Zerg Flyer Weapons Level 1  
  113  20:40  Extractor  
  110  20:43  Zerg Flyer Armor Level 1  
  110  20:51  Hydralisk x6  
  110  20:52  Hydralisk x3  
  94  22:07  Hydralisk x7  
  94  22:08  Hydralisk x10  
  125  23:17  Hydralisk x7  
  125  23:18  Hydralisk x4  
  125  23:19  Hydralisk  
  129  25:33  Overseer  
  129  25:52  Hatchery  
  129  25:53  Hatchery  
  127  25:55  Extractor  
Show
View Real Time Build Order
Export as new Build Order

TATORREA Protoss - Winner!

Build Orders: Carriers 

Get SALT Encoding   

  12  0:01  Probe  
  13  0:23  Probe  
  14  0:28  Pylon  
  14  0:31  Probe  
  15  0:45  Probe  
  15  0:49  Gateway  
  16  0:54  Gateway  
  16  0:57  Probe  
  16  1:02  Assimilator  
  17  1:18  Probe  
  18  1:26  Pylon  
  18  1:30  Probe  
  19  1:42  Probe  
  20  1:53  Cybernetics Core  
  20  1:58  Nexus  
  20  2:05  Probe  
  21  2:10  Assimilator  
  21  2:17  Probe  
  22  2:27  Pylon  
  22  2:29  Probe  
  23  2:31  Pylon  
  23  2:41  Warp Gate, Probe  
  24  2:51  Twilight Council  
  24  2:54  Stargate  
  24  2:55  Probe  
  25  3:07  Probe  
  26  3:14  Probe  
  26  3:18  Stalker  
  26  3:19  Stalker  
  31  3:25  Probe  
  31  3:26  Probe  
  33  3:37  Charge  
  33  3:43  Probe x2  
  35  3:55  Probe x2  
  37  3:56  Stalker  
  37  4:00  Stalker  
  41  4:03  Assimilator  
  41  4:04  Assimilator  
  41  4:14  Oracle  
  41  4:17  Forge  
  41  4:30  Probe x2  
  46  4:41  Oracle  
  46  4:52  Probe x2  
  51  5:11  Photon Cannon  
  51  5:13  Probe x2  
  53  5:14  Photon Cannon  
  53  5:17  Photon Cannon  
  53  5:18  Photon Cannon  
  53  5:21  Photon Cannon  
  53  5:22  Photon Cannon  
  53  5:25  Probe x2  
  55  5:37  Probe x2  
  55  5:40  Stargate  
  57  5:49  Probe  
  58  6:05  Nexus  
  52  6:28  Phoenix x2  
  56  6:39  Fleet Beacon  
  56  6:42  Robotics Facility  
  56  6:48  Probe x2  
  56  6:52  Phoenix  
  56  6:53  Phoenix  
  62  7:03  Pylon  
  62  7:11  Protoss Air Weapons Level 1  
  62  7:12  Pylon  
  62  7:16  Pylon, Probe x2  
  62  7:17  Phoenix  
  62  7:18  Phoenix  
  62  7:20  Pylon  
  68  7:23  Anion Pulse-Crystals  
  68  7:24  Pylon  
  68  7:25  Cybernetics Core  
  68  7:27  Forge  
  68  7:28  Pylon, Probe x2  
  70  7:30  Forge  
  70  7:42  Phoenix  
  70  7:43  Phoenix  
  74  7:50  Stalker x2  
  78  8:07  Gateway  
  78  8:13  Gateway  
  78  8:14  Phoenix x2  
  82  8:23  Protoss Air Armor Level 1  
  82  8:39  Phoenix x2  
  86  8:51  Unknown  
  86  9:02  Probe x2  
  88  9:03  Probe  
  88  9:09  Protoss Air Weapons Level 2  
  89  9:11  Assimilator  
  89  9:14  Probe x2  
  89  9:15  Assimilator, Probe  
  89  9:16  Phoenix  
  94  9:17  Phoenix  
  96  9:26  Probe  
  96  9:27  Probe  
  98  9:41  Phoenix  
  98  9:42  Phoenix  
  102  10:06  Tempest x2  
  112  10:11  Nexus  
  112  10:13  Stalker x2  
  112  10:14  Stalker x2  
  120  10:43  Protoss Air Armor Level 2  
  120  11:05  Pylon  
  120  11:08  Pylon  
  120  11:12  Pylon  
  120  11:16  Pylon  
  120  11:20  Pylon  
  120  11:23  Carrier x2  
  132  11:28  Pylon  
  132  11:31  Pylon  
  132  11:33  Protoss Air Weapons Level 3  
  132  11:34  Protoss Ground Weapons Level 1  
  132  11:35  Protoss Ground Armor Level 1, Pylon  
  132  11:36  Protoss Shields Level 1  
  132  11:41  Pylon  
  132  11:44  Assimilator  
  132  11:56  Robotics Bay  
  132  11:59  Blink  
  132  12:09  Assimilator  
  132  12:27  Tempest, Carrier  
  143  12:44  Gateway  
  143  12:47  Extended Thermal Lance  
  143  12:48  Gateway  
  143  12:50  Gateway  
  143  12:51  Observer  
  144  12:52  Gateway  
  144  12:54  Gateway  
  144  12:55  Protoss Air Armor Level 3  
  144  12:56  Gateway  
  144  13:00  Gateway  
  144  13:02  Gateway  
  144  13:05  Gateway  
  144  13:08  Gateway  
  144  13:22  Carrier  
  144  13:24  Tempest  
  155  14:04  Tempest  
  160  14:17  Colossus  
  166  14:26  Carrier  
  166  14:27  Gravitic Boosters  
  172  14:46  Tempest  
  177  15:06  Zealot  
  179  15:11  Zealot x4  
  179  15:12  Zealot x3  
  179  15:13  Zealot x3  
  199  15:23  Protoss Ground Weapons Level 2  
  199  15:25  Protoss Ground Armor Level 2  
  199  15:26  Protoss Shields Level 2  
  58  17:37  Tempest  
  58  17:38  Carrier  
  69  17:44  Stalker x2  
  69  17:45  Stalker x3  
  69  17:46  Stalker x5  
  69  17:47  Stalker x4  
  97  17:55  Colossus  
  103  18:09  Stalker x2  
  103  18:10  Stalker x3  
  103  18:11  Stalker x4  
  103  18:12  Stalker  
  123  18:15  Stalker  
  125  18:21  Carrier  
  131  18:42  Tempest  
  136  19:15  Nexus  
  136  19:24  Tempest  
  136  19:25  Carrier  
  97  20:04  Stalker x3  
  97  20:05  Stalker x3  
  97  20:06  Stalker x3  
  115  20:07  Stalker x3  
  115  20:08  Stalker, Carrier  
  129  20:19  Stalker  
  131  20:29  Tempest  
  136  21:00  Colossus  
  142  21:08  Protoss Ground Weapons Level 3  
  142  21:11  Assimilator  
  142  21:12  Tempest, Carrier  
  142  21:13  Protoss Ground Armor Level 3  
  142  21:15  Assimilator  
  153  21:23  Protoss Shields Level 3  
  151  21:55  Carrier  
  151  22:16  Tempest  
  135  22:59  Tempest, Carrier  
  97  24:16  Tempest, Carrier  
  108  24:21  Stalker x2  
  108  24:22  Stalker  
  114  24:59  Zealot x3  
  126  25:00  Zealot x2  
  126  25:01  Zealot x3  
  126  25:02  Zealot x3  
  126  25:03  Zealot x2  
  126  25:04  Zealot  
Show
View Real Time Build Order
Export as new Build Order

tigro Terran - Winner!

Build Orders:  

Get SALT Encoding   

  12  0:05  SCV  
  13  0:17  SCV  
  14  0:29  Supply Depot, SCV  
  15  0:37  Refinery  
  15  0:51  SCV  
  15  0:55  Barracks  
  16  1:03  SCV  
  17  1:11  Refinery  
  17  1:15  SCV  
  18  1:27  SCV  
  18  1:30  Supply Depot  
  19  1:39  SCV  
  20  1:43  Marine  
  21  1:51  SCV  
  22  1:57  Barracks  
  22  2:01  Marine  
  23  2:04  SCV  
  24  2:08  Engineering Bay  
  24  2:18  Marine, Orbital Command  
  25  2:36  Marine  
  26  2:43  Terran Infantry Weapons Level 1  
  26  2:46  Factory  
  26  2:47  Barracks Tech Lab  
  26  2:54  Marine  
  27  3:12  Combat Shield  
  27  3:18  Barracks Tech Lab  
  27  3:25  Command Center  
  27  3:56  Stimpack  
  27  4:04  Factory Tech Lab  
  27  4:30  Concussive Shells  
  27  4:37  Starport  
  27  4:40  Refinery, SCV  
  28  4:52  SCV  
  29  5:01  Marine  
  29  5:02  Marine  
  29  5:04  SCV  
  29  5:06  Siege Tank  
  35  5:14  Refinery  
  35  5:16  SCV  
  35  5:19  Marine x2  
  38  5:26  Medivac  
  40  5:28  SCV  
  41  5:37  Marine x2  
  41  5:40  Missile Turret  
  43  5:53  SCV  
  43  5:55  Marine x2  
  46  6:05  SCV  
  47  6:13  Marine x2, Missile Turret  
  47  6:15  Starport Tech Lab  
  47  6:17  SCV  
  50  6:25  Siege Tank  
  53  6:29  SCV  
  54  6:39  Missile Turret  
  54  6:40  Fusion Core  
  54  6:41  SCV  
  55  6:59  Planetary Fortress  
  55  7:26  Missile Turret  
  55  7:29  Armory  
  55  7:40  Supply Depot  
  55  7:42  Weapon Refit  
  55  7:47  Terran Infantry Armor Level 1, Missile Turret  
  55  7:57  Marine x2  
  57  8:03  Supply Depot  
  57  8:10  Missile Turret  
  57  8:14  Marine x2  
  59  8:27  Supply Depot  
  59  8:32  Marine x2  
  61  8:34  Medivac, Missile Turret  
  63  8:50  Marine x2  
  65  9:04  Battlecruiser  
  65  9:08  Marine x2  
  73  9:14  Missile Turret  
  73  9:19  Refinery  
  73  9:22  Rapid Reignition System  
  73  9:26  Marine x2  
  75  9:32  Missile Turret  
  75  9:41  Neosteel Armor  
  75  9:47  Command Center  
  75  9:55  Missile Turret  
  75  10:07  Thor  
  81  10:19  Advanced Ballistics  
  81  10:20  Battlecruiser  
  87  10:31  Refinery  
  87  10:50  Thor  
  93  11:00  Terran Vehicle Weapons Level 1  
  93  11:08  SCV  
  94  11:20  SCV  
  94  11:21  Hi-Sec Auto Tracking  
  95  11:32  SCV  
  96  11:39  Battlecruiser  
  102  11:44  SCV  
  103  11:53  Marine x2  
  105  11:56  SCV  
  106  12:08  Cloaking Field  
  106  12:11  Marine x2  
  106  12:12  Drilling Claws  
  108  12:17  Terran Infantry Weapons Level 2  
  108  12:28  Marine  
  108  12:29  Marine  
  110  12:43  Battlecruiser  
  116  12:46  Marine  
  117  12:55  Missile Turret, Terran Vehicle And Ship Armor Level 1  
  117  13:12  Marine x2  
  119  13:18  Missile Turret  
  119  13:23  Supply Depot  
  119  13:28  Hyperflight Rotors  
  119  13:30  Marine  
  120  13:40  Missile Turret  
  120  13:47  Supply Depot  
  120  14:02  Missile Turret  
  116  14:10  Supply Depot  
  43  14:32  Missile Turret  
  43  14:33  Supply Depot, Terran Infantry Armor Level 2  
  43  14:38  Marine x2  
  43  14:43  Medivac  
  47  14:49  Terran Ship Weapons Level 1, Planetary Fortress  
  47  14:53  Missile Turret  
  47  14:56  Marine x2  
  49  15:13  Medivac  
  49  15:14  Marine x2, Missile Turret  
  51  15:18  Thor  
  59  15:31  Marine  
  59  15:32  Marine  
  61  15:43  Battlecruiser  
  61  15:49  Marine x2  
  69  15:57  Missile Turret  
  69  16:00  SCV  
  70  16:12  SCV  
  70  16:17  Missile Turret  
  71  16:24  SCV  
  72  16:30  Thor  
  78  16:36  Missile Turret, SCV  
  79  16:43  Terran Vehicle Weapons Level 2, Missile Turret  
  79  16:48  Battlecruiser, SCV  
  79  16:49  Terran Infantry Weapons Level 3  
  86  16:59  Missile Turret  
  86  17:00  Marine x2  
  88  17:15  Thor  
  94  17:18  Marine x2  
  94  17:19  Missile Turret  
  96  17:35  Marine  
  96  17:36  Marine  
  93  17:52  Battlecruiser  
  93  17:53  Marine x2  
  80  18:24  Marine x2  
  82  18:42  Marine x2  
  82  18:43  Thor  
  90  18:56  Medivac  
  90  19:00  Marine x2  
  94  19:17  Marine  
  94  19:18  Marine  
  96  19:25  Thor  
  96  19:26  Medivac  
  104  19:35  Marine x2  
  106  19:44  Refinery  
  106  19:47  Command Center  
  106  19:55  Refinery  
  106  19:56  Battlecruiser  
  112  20:08  Thor  
  118  20:49  Marine  
  118  20:50  Marine  
  120  21:00  Battlecruiser  
  126  21:06  Thor  
  126  21:07  Marine x2  
  134  21:25  Marine x2  
  136  21:43  Marine x2  
  138  22:01  Marine x2  
  139  22:04  Battlecruiser  
  88  23:02  Marine x2  
  90  23:09  Battlecruiser  
  86  23:20  Marine x2  
  88  23:38  Marine x2  
  90  23:55  Marine  
  90  23:56  Marine  
  92  24:09  Thor  
  98  24:13  Marine, Battlecruiser  
  98  24:14  Marine  
  88  24:31  Marine x2  
  90  24:49  Marine x2  
  90  24:52  Thor  
  98  25:07  Marine x2  
Tags
 
Add a new tag
Caveats
  • Supply blocks, unpowered buildings, or Contaminate may cause inaccurate times.
  • Supply counts are checked every 10 seconds.